 Dungeon Sprint DCSS version 0.22.1-2-g9c5b331383 (webtiles) character file.

2902 Nattfarinn the Imperceptible (level 9, -2/87 HPs)
             Began as a Vampire Assassin on Nov 28, 2018.
             Was a Believer of Dithmenos.
             Slain by a demonic crawler (6 damage)
             ... in the Dungeon (Sprint I: "Red Sonja").
             The game lasted 00:02:46 (2181 turns).

Nattfarinn the Imperceptible (Vampire Assassin)     Turns: 2181, Time: 00:02:46

Health: -2/87      AC:  4    Str: 10    XL:     9   Next: 49%
Magic:  9/9        EV: 12    Int: 13    God:    Dithmenos [**....]
Gold:   580        SH:  0    Dex: 19    Spells: 8/8 levels left

rFire    . . .     SeeInvis +   o - +2 dagger (distort)
rCold    + + .     Gourm    .   (no shield)
rNeg     + + +     Faith    .   c - +0 robe
rPois    ∞         Spirit   .   (no helmet)
rElec    .         Reflect  .   d - +0 cloak
rCorr    .         Harm     .   g - +0 pair of gloves (curse)
MR       .....     NoTele   +   (no boots)
Stlth    ++++++++++             (no amulet)
HPRegen  0.00/turn              (no ring)
MPRegen  0.11/turn              (no ring)

@: bloodless, non-regenerating, wreathed by umbra
A: fangs 3, see invisible, unbreathing
a: Bat Form, Shadow Step, Renounce Religion


You were in the Dungeon.
You worshipped Dithmenos.
Dithmenos was pleased with you.
You were bloodless.

You visited 1 branch You collected 580 gold pieces.

Inventory:

Hand Weapons
 a - a +2 dagger
 b - a +0 blowgun
 o - a +2 dagger of distortion (weapon)
 r - a +0 dagger of speed
Missiles
 e - 13 poisoned needles
 f - 8 curare-tipped needles
Armour
 c - a +0 robe (worn)
 d - a +0 cloak (worn)
 g - a cursed +0 pair of gloves (worn)
Wands
 n - a wand of polymorph (19)
Scrolls
 m - a scroll of blinking
 p - a scroll of identify {unknown}
Potions
 h - a potion of curing
 j - 2 potions of haste
 k - 2 potions of magic
 l - a potion of berserk rage
 q - a potion of blood


   Skills:
 + Level 14.0 Fighting
 - Level 2.1 Short Blades
 - Level 1.5 Throwing
 - Level 1.1 Dodging
 - Level 21.8 Stealth


You had 8 spell levels left.
You didn't know any spells.
Your spell library was empty.

Dungeon Overview and Level Annotations

Branches:
Dungeon (1/1)

Altars:
Cheibriados
Dithmenos
Elyvilon
Fedhas
Gozag
Hepliaklqana
Kikubaaqudgha
Makhleb
Nemelex Xobeh
Okawaru
Qazlal
Ru
Sif Muna
Trog
Uskayaw
Vehumet
Wu Jian
Xom
Yredelemnul
Zin
The Shining One
Jiyva
Lugonu

Shops:
D [%[


Innate Abilities, Weirdness & Mutations

You do not heal naturally.
You are immune to poison.
You have razor-sharp teeth.
You have supernaturally acute eyesight. (SInv)
You can survive without breathing.


Message History

Space warps horribly around the demonic crawler!
The demonic crawler is heavily wounded.
The demonic crawler misses you. The demonic crawler hits you!
* * * LOW HITPOINT WARNING * * *
The demonic crawler closely misses you.
You hit the demonic crawler but do no damage.
Space warps horribly around the demonic crawler!
The demonic crawler is severely wounded.
The demonic crawler hits you!
* * * LOW HITPOINT WARNING * * *
The demonic crawler hits you.
* * * LOW HITPOINT WARNING * * *
The demonic crawler hits you.
* * * LOW HITPOINT WARNING * * *
You hit the demonic crawler but do no damage.
You bite the demonic crawler, but do no damage.
The demonic crawler is severely wounded.
The demonic crawler misses you. The demonic crawler barely misses you.
The demonic crawler closely misses you. The demonic crawler hits you.
You die...

################
.)'..#__#..'..)#
..#..'..'..#...##+#
####'#__####[..s@.#
...#(####§§#####..+
..##.# §≈§c# #+##
#'#_.+ §≈§§ '..._#
§§§ #_.#+##+###
##'# #).(.###
##.####'###)##
'...'..[..'.∩#


You could see a demonic crawler.

Vanquished Creatures
  Sonja (D)
  A deep troll (D)
  2 kobold demonologists (D)
  2 demonic crawlers (D)
  A slime creature (D)
  Sigmund (D)
  A yak (D)
  A floating eye (D)
  An ogre (D)
  A jelly (D)
  Ijyb (D)
13 creatures vanquished.

Vanquished Creatures (others)
  A gargoyle (D)
  A demonic crawler (D)
2 creatures vanquished.

Grand Total: 15 creatures vanquished

Notes
Turn   | Place    | Note
-------+----------+-------------------------------------------
     0 | D        | Nattfarinn the Vampire Assassin began the quest for the
                  | Orb.
     0 | D        | Reached XP level 1. HP: 16/16 MP: 1/1
   775 | D        | Killed a gargoyle
  1934 | D        | Noticed Ijyb
  1937 | D        | Killed Ijyb
  1937 | D        | Reached skill level 10 in Stealth
  1937 | D        | Reached XP level 2. HP: 22/22 MP: 2/2
  1939 | D        | Noticed an ogre
  1942 | D        | Killed an ogre
  1942 | D        | Reached skill level 14 in Stealth
  1942 | D        | Reached XP level 3. HP: 27/27 MP: 3/3
  1942 | D        | Reached XP level 4. HP: 33/33 MP: 4/4
  1944 | D        | Noticed Sigmund
  1947 | D        | Killed Sigmund
  1947 | D        | Reached skill level 18 in Stealth
  1947 | D        | Reached XP level 5. HP: 38/38 MP: 5/5
  1947 | D        | Reached XP level 6. HP: 44/44 MP: 6/6
  1959 | D        | Found a burning altar of Makhleb.
  1959 | D        | Found a viscous altar of Jiyva.
  1959 | D        | Found a shimmering altar of Xom.
  1959 | D        | Found a corrupted altar of Lugonu.
  1959 | D        | Noticed a slime creature
  1962 | D        | Killed a slime creature
  1962 | D        | Reached skill level 20 in Stealth
  1966 | D        | Found a deep blue altar of Sif Muna.
  1967 | D        | Found an ornate altar of the Wu Jian Council.
  1968 | D        | Found a radiant altar of Vehumet.
  1985 | D        | Found Xuedenei's Food Emporium.
  1985 | D        | Found an ancient bone altar of Kikubaaqudgha.
  1985 | D        | Found a hazy altar of Hepliaklqana.
  1985 | D        | Found a stormy altar of Qazlal.
  1985 | D        | Found a hide-covered altar of Uskayaw.
  1985 | D        | Found a blossoming altar of Fedhas.
  1985 | D        | Found a bloodstained altar of Trog.
  1985 | D        | Found an iron altar of Okawaru.
  1985 | D        | Found a basalt altar of Yredelemnul.
  1985 | D        | Found a glowing golden altar of the Shining One.
  1985 | D        | Found a snail-covered altar of Cheibriados.
  1985 | D        | Found a sacrificial altar of Ru.
  1985 | D        | Found a glowing silver altar of Zin.
  1985 | D        | Found a shadowy altar of Dithmenos.
  1985 | D        | Found a white marble altar of Elyvilon.
  1985 | D        | Noticed a yak
  1986 | D        | Found an opulent altar of Gozag.
  1987 | D        | Killed a yak
  1987 | D        | Reached skill level 21 in Stealth
  1987 | D        | Reached XP level 7. HP: 49/49 MP: 7/7
  1988 | D        | Found a sparkling altar of Nemelex Xobeh.
  2011 | D        | Noticed Sonja
  2015 | D        | Killed Sonja
  2015 | D        | Reached XP level 8. HP: 69/69 MP: 8/8
  2037 | D        | Became a worshipper of Dithmenos the Shadowed
  2052 | D        | Noticed a deep troll
  2056 | D        | Killed a deep troll
  2056 | D        | Reached skill level 10 in Fighting
  2075 | D        | Found Refutomp's Armour Boutique.
  2101 | D        | Found Fiupn's Armour Emporium.
  2121 | D        | Noticed a centaur warrior
  2153 | D        | Noticed a kobold demonologist
  2154 | D        | Noticed a kobold demonologist
  2158 | D        | Killed a kobold demonologist
  2158 | D        | Reached * piety under Dithmenos
  2158 | D        | Reached XP level 9. HP: 82/82 MP: 9/9
  2159 | D        | Killed a kobold demonologist
  2165 | D        | Noticed a demonic crawler
  2165 | D        | Noticed a demonic crawler
  2165 | D        | Noticed a demonic crawler
  2165 | D        | Noticed a demonic crawler
  2167 | D        | Killed a demonic crawler
  2168 | D        | Killed a demonic crawler
  2168 | D        | Reached ** piety under Dithmenos
  2172 | D        | Banished a demonic crawler
  2180 | D        | HP: 4/87 [demonic crawler (2)]
  2181 | D        | Slain by a demonic crawler

Skill      XL: |  1  2  3  4  5  6  7  8  9 |
---------------+----------------------------+-----
Stealth        | 10 14 18 21 | 21.8
Fighting       | 8 12 14 | 14.0
Short Blades   | |  2.1
Throwing       | |  1.5
Dodging        | |  1.1

Action                   |  1- 3 |  4- 6 |  7- 9 || total
-------------------------+-------+-------+-------++-------
Melee: Dagger            |     2 |     4 |    14 ||    20
       Bite              |       |       |     3 ||     3
  Use: Potion            |       |       |     1 ||     1
 Stab: Sleeping          |     2 |     4 |     7 ||    13
Armor: Robe              |       |       |     2 ||     2
Dodge: Dodged            |       |       |    10 ||    10
